NCAA
AUBURN TIGERS @ SAINT JOHN'S RED STORM
05/24/2023
 
TOP OF THE 1ST
Auburn Tigers batting - Pitching for Saint John's Red Storm : RHP Charles Palmeiro
Pitching: RHP Charles Palmeiro
Batting: RHB John Zimmerman 0-0: Called Strike
0-1: Foul Ball, location: 2F
0-2: Strikes out swinging
Batting: RHB António Martínez 0-0: Ball
1-0: Ball
2-0: Foul Ball, location: 2F
2-1: Foul Ball, location: 2F
2-2: Strikes out swinging
Batting: LHB Tommy Payne 0-0: Ball
1-0: Foul Ball, location: 2F
1-1: Foul Ball, location: 2F
1-2: Ball
2-2: Fly out, F5 (Popup, 56S)
Top of the 1st over - 0 run(s), 0 hit(s), 0 error(s), 0 left on base; Auburn 0 - Saint John's 0
BOTTOM OF THE 1ST
Saint John's Red Storm batting - Pitching for Auburn Tigers : LHP Javier Wilson
Pitching: LHP Javier Wilson
Batting: RHB Joe Smith 0-0: Foul Ball, location: 2F
0-1: Ball
1-1: Ball
2-1: Ground out 5-3 (Groundball, 5S)
Batting: RHB Bob Mueller 0-0: Foul Ball, location: 2F
0-1: Ball
1-1: Fly out, F9 (Flyball, 9S)
Batting: LHB Ken Phillips 0-0: Ball
1-0: Called Strike
1-1: Called Strike
1-2: Strikes out looking
Bottom of the 1st over - 0 run(s), 0 hit(s), 0 error(s), 0 left on base; Auburn 0 - Saint John's 0
TOP OF THE 2ND
Auburn Tigers batting - Pitching for Saint John's Red Storm : RHP Charles Palmeiro
Batting: LHB Edison Snyder 0-0: Foul Ball, location: 2F
0-1: Ball
1-1: Ball
2-1: Ball
3-1: Called Strike
3-2: Fly out, F8 (Flyball, 8RM)
Batting: RHB Doyle O'Dell 0-0: Ball
1-0: Fly out, F3 (Popup, 3F)
Batting: RHB Jeff Jones 0-0: Called Strike
0-1: Swinging Strike
0-2: Hit by Pitch
Batting: SHB Tim Campbell 0-0: SINGLE (Groundball, 34D)
Jeff Jones to second
Runner from 2nd tries for 3rd, SAFE, throw made to third
Batting: RHB Artie Frye 0-0: Ground out U3 (Groundball, 3L)
Top of the 2nd over - 0 run(s), 1 hit(s), 0 error(s), 2 left on base; Auburn 0 - Saint John's 0
BOTTOM OF THE 2ND
Saint John's Red Storm batting - Pitching for Auburn Tigers : LHP Javier Wilson
Batting: LHB Chris Austin 0-0: Ball
1-0: Ball
2-0: Swinging Strike
2-1: Foul Ball, location: 2F
2-2: Fly out, F8 (Flyball, 78D)
Batting: LHB António Velásquez 0-0: Ball
1-0: Called Strike
1-1: Foul Ball, location: 2F
1-2: Ball
2-2: DOUBLE (Line Drive, 89XD)
Batting: RHB Duane Grounds 0-0: Foul Ball, location: 2F
0-1: Foul Ball, location: 2F
0-2: Foul Ball, location: 2F
0-2: Strikes out swinging
Batting: RHB Dana Worley 0-0: Called Strike
0-1: Called Strike
0-2: Fly out, F3 (Line Drive, 3S)
Bottom of the 2nd over - 0 run(s), 1 hit(s), 0 error(s), 1 left on base; Auburn 0 - Saint John's 0
TOP OF THE 3RD
Auburn Tigers batting - Pitching for Saint John's Red Storm : RHP Charles Palmeiro
Batting: RHB Kel Weeks 0-0: Ball
1-0: Ball
2-0: Ball
3-0: Called Strike
3-1: Base on Balls
Batting: RHB John Zimmerman 0-0: Called Strike
0-1: Foul Ball, location: 2F
0-2: SINGLE (Line Drive, 34D)
Kel Weeks to second
Batting: RHB António Martínez 0-0: Foul Ball, location: 2F
0-1: Called Strike
0-2: Foul Ball, location: 2F
0-2: Ball
1-2: Strikes out swinging
Batting: LHB Tommy Payne 0-0: Ball
1-0: Called Strike
1-1: Ball
2-1: Foul Ball, location: 2F
2-2: Ball
3-2: Base on Balls
Kel Weeks to third
John Zimmerman to second
Batting: LHB Edison Snyder 0-0: Called Strike
0-1: Foul Ball, location: 2F
0-2: SINGLE (Groundball, 34D)
Kel Weeks scores
John Zimmerman to third
Tommy Payne to second
Runner from 3rd tries for Home, SAFE, no throw or cutoff
Batting: RHB Doyle O'Dell 0-0: Ball
1-0: Called Strike
1-1: Called Strike
1-2: Ball
2-2: Ball
3-2: Foul Ball, location: 2F
3-2: Foul Ball, location: 2F
3-2: Base on Balls
Tommy Payne to third
Edison Snyder to second
Batting: RHB Jeff Jones 0-0: Called Strike
0-1: Ball
1-1: Ball
2-1: Foul Ball, location: 2F
2-2: Foul Ball, location: 2F
2-2: Strikes out looking
Batting: SHB Tim Campbell 0-0: Called Strike
0-1: Swinging Strike
0-2: Foul Ball, location: 2F
0-2: Ball
1-2: Fly out, F8 (Flyball, 8LM)
Top of the 3rd over - 2 run(s), 2 hit(s), 0 error(s), 3 left on base; Auburn 2 - Saint John's 0
BOTTOM OF THE 3RD
Saint John's Red Storm batting - Pitching for Auburn Tigers : LHP Javier Wilson
Batting: LHB David Lee 0-0: Ball
1-0: Fly out, F4 (Popup, 4M)
Batting: RHB Ed Merritt 0-0: Foul Ball, location: 2F
0-1: Foul Ball, location: 2F
0-2: Ball
1-2: Foul Ball, location: 2F
1-2: Ground out U3 (Groundball, 3S)
Batting: RHB Joe Smith 0-0: Ball
1-0: Called Strike
1-1: Ball
2-1: Fly out, F9 (Flyball, 9LM)
Bottom of the 3rd over - 0 run(s), 0 hit(s), 0 error(s), 0 left on base; Auburn 2 - Saint John's 0
TOP OF THE 4TH
Auburn Tigers batting - Pitching for Saint John's Red Storm : RHP Charles Palmeiro
Batting: RHB Artie Frye 0-0: Foul Ball, location: 2F
0-1: Swinging Strike
0-2: Foul Ball, location: 2F
0-2: Ball
1-2: Ball
2-2: Strikes out looking
Batting: RHB Kel Weeks 0-0: Ball
1-0: Ball
2-0: TRIPLE (Line Drive, 78M)
Batting: RHB John Zimmerman 0-0: Ground out 6-3 (Groundball, 6)
Kel Weeks scores
Batting: RHB António Martínez 0-0: SINGLE (Line Drive, 8LS)
Batting: LHB Tommy Payne 0-0: Ball
1-0: Fly out, F8 (Flyball, 8RS)
Top of the 4th over - 1 run(s), 2 hit(s), 0 error(s), 1 left on base; Auburn 3 - Saint John's 0
BOTTOM OF THE 4TH
Saint John's Red Storm batting - Pitching for Auburn Tigers : LHP Javier Wilson
Batting: RHB Bob Mueller 0-0: Called Strike
0-1: Called Strike
0-2: Foul Ball, location: 2F
0-2: Ball
1-2: Ball
2-2: Foul Ball, location: 2F
2-2: Strikes out swinging
Batting: LHB Ken Phillips 0-0: Foul Ball, location: 2F
0-1: Swinging Strike
0-2: Ball
1-2: Strikes out swinging
Batting: LHB Chris Austin 0-0: Called Strike
0-1: Foul Ball, location: 2F
0-2: Foul Ball, location: 2F
0-2: Fly out, F7 (Flyball, 7M)
Bottom of the 4th over - 0 run(s), 0 hit(s), 0 error(s), 0 left on base; Auburn 3 - Saint John's 0
TOP OF THE 5TH
Auburn Tigers batting - Pitching for Saint John's Red Storm : RHP Charles Palmeiro
Pitching: RHP Don Corona
Batting: LHB Edison Snyder 0-0: Foul Ball, location: 2F
0-1: Ball
1-1: Ball
2-1: Called Strike
2-2: Strikes out swinging
Batting: RHB Doyle O'Dell 0-0: Ground out 5-3 (Groundball, 5L)
Batting: RHB Jeff Jones 0-0: Swinging Strike
0-1: Foul Ball, location: 2F
0-2: Ball
1-2: Foul Ball, location: 2F
1-2: Foul Ball, location: 2F
1-2: Ball
2-2: Ball
3-2: Strikes out swinging
Top of the 5th over - 0 run(s), 0 hit(s), 0 error(s), 0 left on base; Auburn 3 - Saint John's 0
BOTTOM OF THE 5TH
Saint John's Red Storm batting - Pitching for Auburn Tigers : LHP Javier Wilson
Batting: LHB António Velásquez 0-0: Called Strike
0-1: Foul Ball, location: 2F
0-2: Ball
1-2: Ball
2-2: Foul Ball, location: 2F
2-2: Ball
3-2: Ground out 2-3 (Groundball, 23)
Batting: RHB Duane Grounds 0-0: Fly out, F6 (Popup, 6MD)
Batting: RHB Dana Worley 0-0: Called Strike
0-1: Foul Ball, location: 2F
0-2: Ball
1-2: Strikes out swinging
Bottom of the 5th over - 0 run(s), 0 hit(s), 0 error(s), 0 left on base; Auburn 3 - Saint John's 0
TOP OF THE 6TH
Auburn Tigers batting - Pitching for Saint John's Red Storm : RHP Don Corona
Batting: SHB Tim Campbell 0-0: Called Strike
0-1: Foul Ball, location: 2F
0-2: Fly out, F8 (Flyball, 8RM)
Batting: RHB Artie Frye 0-0: Called Strike
0-1: Called Strike
0-2: Ball
1-2: Strikes out swinging
Batting: RHB Kel Weeks 0-0: Ball
1-0: Ball
2-0: SINGLE (Groundball, 6MD)
Batting: RHB John Zimmerman 0-0: Ball
1-0: Fly out, F9 (Flyball, 89M)
Top of the 6th over - 0 run(s), 1 hit(s), 0 error(s), 1 left on base; Auburn 3 - Saint John's 0
BOTTOM OF THE 6TH
Saint John's Red Storm batting - Pitching for Auburn Tigers : LHP Javier Wilson
Batting: LHB David Lee 0-0: Called Strike
0-1: Foul Ball, location: 2F
0-2: Fly out, F6 (Popup, 6D)
Batting: RHB Ed Merritt 0-0: Ball
1-0: Foul Ball, location: 2F
1-1: Swinging Strike
1-2: Ball
2-2: Strikes out swinging
Batting: RHB Joe Smith 0-0: Ball
1-0: Ball
2-0: Ball
3-0: Base on Balls
Batting: RHB Bob Mueller 0-0: Ball
1-0: SINGLE (Groundball, 34)
Joe Smith to second
Runner from 2nd tries for 3rd, SAFE, throw made to third
Pitching: RHP Jeff Thomas
Batting: LHB Ken Phillips 0-0: Ball
1-0: Fly out, F7 (Flyball, 7LM)
Bottom of the 6th over - 0 run(s), 1 hit(s), 0 error(s), 2 left on base; Auburn 3 - Saint John's 0
TOP OF THE 7TH
Auburn Tigers batting - Pitching for Saint John's Red Storm : RHP Don Corona
Pitching: RHP Ángel Cortéz
Batting: RHB António Martínez 0-0: Ball
1-0: Called Strike
1-1: Fly out, F7 (Flyball, 7S)
Batting: LHB Tommy Payne 0-0: Called Strike
0-1: Ball
1-1: Called Strike
1-2: Ball
2-2: Strikes out looking
Batting: LHB Edison Snyder 0-0: Ball
1-0: Called Strike
1-1: Ground out 3-1 (Groundball, 3L)
Top of the 7th over - 0 run(s), 0 hit(s), 0 error(s), 0 left on base; Auburn 3 - Saint John's 0
BOTTOM OF THE 7TH
Saint John's Red Storm batting - Pitching for Auburn Tigers : RHP Jeff Thomas
Batting: LHB Chris Austin 0-0: Called Strike
0-1: Ball
1-1: Called Strike
1-2: Strikes out swinging
Batting: LHB António Velásquez 0-0: Ball
1-0: Foul Ball, location: 2F
1-1: Foul Ball, location: 2F
1-2: Foul Ball, location: 2F
1-2: Strikes out swinging
Batting: RHB Duane Grounds 0-0: Ball
1-0: SINGLE (Groundball, 5L)
Batting: RHB Dana Worley 0-0: Ball
1-0: Ball
2-0: Ball
3-0: Called Strike
3-1: Base on Balls
Duane Grounds to second
Batting: LHB David Lee 0-0: Swinging Strike
0-1: Ball
1-1: Ball
2-1: Foul Ball, location: 2F
2-2: Foul Ball, location: 2F
2-2: Strikes out swinging
Bottom of the 7th over - 0 run(s), 1 hit(s), 0 error(s), 2 left on base; Auburn 3 - Saint John's 0
TOP OF THE 8TH
Auburn Tigers batting - Pitching for Saint John's Red Storm : RHP Ángel Cortéz
Batting: RHB Doyle O'Dell 0-0: Ball
1-0: Called Strike
1-1: Fly out, F4 (Line Drive, 4MD)
Batting: RHB Jeff Jones 0-0: Ball
1-0: Foul Ball, location: 2F
1-1: Called Strike
1-2: Foul Ball, location: 2F
1-2: Foul Ball, location: 2F
1-2: Foul Ball, location: 2F
1-2: Fly out, F4 (Popup, 4D)
Batting: SHB Tim Campbell 0-0: Fly out, F3 (Popup, 3SF)
Top of the 8th over - 0 run(s), 0 hit(s), 0 error(s), 0 left on base; Auburn 3 - Saint John's 0
BOTTOM OF THE 8TH
Saint John's Red Storm batting - Pitching for Auburn Tigers : RHP Jeff Thomas
Batting: RHB Ed Merritt 0-0: Foul Ball, location: 2F
0-1: Ball
1-1: Ball
2-1: Ball
3-1: Foul Ball, location: 2F
3-2: Base on Balls
Batting: RHB Joe Smith 0-0: Called Strike
0-1: Foul Ball, location: 2F
0-2: Strikes out swinging
Batting: RHB Bob Mueller 0-0: Ball
1-0: Ball
2-0: Grounds into double play, 5-4-3 (Groundball, 56)
Bottom of the 8th over - 0 run(s), 0 hit(s), 0 error(s), 0 left on base; Auburn 3 - Saint John's 0
TOP OF THE 9TH
Auburn Tigers batting - Pitching for Saint John's Red Storm : RHP Ángel Cortéz
Batting: RHB Artie Frye 0-0: Ground out 5-3 (Groundball, 56)
Batting: RHB Kel Weeks 0-0: Ground out 4-3 (Groundball, 13)
Batting: RHB John Zimmerman 0-0: Ball
1-0: Swinging Strike
1-1: SINGLE (Groundball, 56D) (infield hit)
Batting: RHB António Martínez 0-0: Ball
John Zimmerman steals 2nd base
1-0: Ball
2-0: Swinging Strike
2-1: Foul Ball, location: 2F
2-2: Strikes out looking
Top of the 9th over - 0 run(s), 1 hit(s), 0 error(s), 1 left on base; Auburn 3 - Saint John's 0
BOTTOM OF THE 9TH
Saint John's Red Storm batting - Pitching for Auburn Tigers : RHP Jeff Thomas
Pitching: RHP Francisco Rodríguez
Now at C: Lorne Witcher
Now at 2B: Ángelo Young
Now in CF: Curt Carey
Batting: LHB Ken Phillips 0-0: Ball
1-0: Called Strike
1-1: Ball
2-1: Foul Ball, location: 2F
2-2: Ball
3-2: Fly out, F7 (Flyball, 78S)
Batting: LHB Chris Austin 0-0: Ball
1-0: Called Strike
1-1: SINGLE (Line Drive, 6MD)
Batting: LHB António Velásquez 0-0: Called Strike
0-1: Ball
1-1: Fly out, F8 (Flyball, 8LM)
Batting: RHB Duane Grounds 0-0: Fielders Choice at 2nd, 5-4 (Groundball, 56)
Bottom of the 9th over - 0 run(s), 1 hit(s), 0 error(s), 0 left on base; Auburn 3 - Saint John's 0
This league is powered by Out of the Park Baseball, the baseball management simulation game for PC, Mac and Linux
Wednesday, December 2nd, 2015 - OOTP Baseball 16.8 Build 38